Map: Jagannatha LE

Players

셀렌디스

  • Race: Zerg Zerg
  • League: Diamond
  • Spawn Location: 7:00

FLORENCIO - Winner!

  • Race: Zerg Zerg
  • League: Platinum
  • Spawn Location: 1:00

VOD

Have the link to the VOD?

Description

Time

  • Played on: Feb. 17, 2021, 4:23 p.m.
  • Length: 11:36
Show
View Real Time Build Order
Export as new Build Order

셀렌디스 Zerg 

Build Orders: 1 Base Baneling Bust, Pool First 

Get SALT Encoding   

  12  0:02  Drone  
  13  0:23  Spawning Pool  
  13  0:26  Extractor  
  11  0:32  Overlord  
  11  0:41  Drone x2  
  13  1:10  Zergling x6  
  16  1:14  Queen  
  18  1:26  Baneling Nest  
  18  1:29  Drone  
  18  1:36  Drone  
  19  1:43  Drone  
  20  1:55  Zergling x2  
  21  2:05  Lair  
  20  2:18  Baneling x3  
  18  3:06  Baneling  
  18  3:13  Baneling x2  
  18  3:35  Extractor  
  18  3:40  Drone x3  
  18  3:41  Drone x2  
  22  3:59  Hatchery  
  21  4:07  Queen  
  21  4:08  Spire  
  21  4:35  Spore Crawler  
  20  4:39  Drone  
  20  4:40  Drone  
  20  4:41  Overlord x3  
  22  4:59  Queen  
  24  5:21  Mutalisk  
  24  5:22  Mutalisk x3  
  24  5:25  Drone x2  
  24  5:26  Drone  
  35  5:37  Zerg Flyer Weapons Level 1  
  35  5:46  Drone x3  
  38  6:04  Extractor  
  38  6:05  Drone x4, Extractor  
  40  6:16  Mutalisk x2  
  44  6:45  Roach Warren  
  43  6:49  Drone x8  
  43  6:50  Drone  
  52  6:55  Overlord  
  52  7:06  Overseer  
  48  7:34  Glial Reconstitution  
  46  7:40  Roach x2  
  46  7:41  Roach x6  
  60  7:57  Overlord x3  
  60  7:58  Overlord  
  60  8:13  Hatchery  
  60  8:15  Overseer  
  60  8:17  Roach  
  60  8:18  Roach x3  
  55  8:20  Roach x3  
  55  8:22  Overseer  
  58  8:33  Roach x3  
  62  8:36  Roach  
  57  8:45  Roach  
  48  8:59  Drone  
  49  9:11  Roach  
  51  9:23  Roach  
  47  9:36  Ravager  
  47  9:37  Ravager  
  49  9:53  Roach  
  49  9:54  Roach x2  
  43  10:07  Roach  
  34  10:36  Drone x4  
  34  10:37  Drone x2  
  40  10:46  Roach  
  30  11:01  Spore Crawler  
Show
View Real Time Build Order
Export as new Build Order

FLORENCIO Zerg - Winner!

Build Orders: Pool First 

Get SALT Encoding   

  12  0:01  Drone  
  13  0:08  Drone  
  14  0:28  Spawning Pool  
  13  0:30  Drone  
  14  0:38  Overlord  
  14  0:59  Drone  
  14  1:00  Drone x2  
  17  1:18  Spine Crawler  
  17  1:24  Hatchery  
  15  1:28  Drone  
  16  1:38  Spine Crawler  
  15  1:46  Drone x2  
  17  2:09  Hatchery  
  16  2:17  Spine Crawler  
  15  2:28  Evolution Chamber  
  14  2:31  Drone  
  14  2:32  Drone  
  14  2:34  Extractor  
  15  2:54  Drone x3  
  18  3:04  Drone  
  17  3:15  Spine Crawler  
  16  3:27  Drone  
  16  3:31  Drone x2  
  19  3:36  Drone  
  20  3:42  Drone  
  20  3:44  Drone  
  22  4:11  Drone x3  
  22  4:16  Extractor  
  24  4:17  Spine Crawler  
  21  4:25  Drone x3  
  21  4:27  Drone  
  21  4:28  Drone x2  
  27  4:37  Drone x2  
  27  4:38  Drone  
  30  4:44  Queen  
  32  4:53  Lair  
  32  4:57  Drone x2  
  34  5:07  Roach Warren  
  34  5:13  Roach Warren  
  32  5:24  Overlord x2  
  32  5:26  Drone  
  33  5:29  Drone  
  33  5:33  Extractor  
  33  5:37  Burrow  
  33  5:53  Glial Reconstitution, Tunneling Claws  
  33  5:56  Roach  
  39  5:57  Roach  
  37  6:05  Spore Crawler  
  37  6:06  Spore Crawler  
  37  6:07  Spore Crawler  
  37  6:09  Spore Crawler  
  33  6:11  Drone x3, Spore Crawler  
  35  6:32  Overlord x2  
  35  6:41  Spore Crawler  
  34  6:50  Roach x3  
  34  6:52  Roach x2  
  34  6:53  Roach  
  46  6:55  Roach  
  46  6:59  Roach  
  48  7:30  Spore Crawler  
  48  7:34  Spore Crawler  
  46  7:37  Roach x2  
  46  7:40  Overlord x3  
  50  7:52  Roach x10  
  50  8:00  Hydralisk Den  
  49  8:11  Roach x10  
  49  8:20  Roach x3  
  49  8:22  Spire  
  34  8:53  Spine Crawler  
  34  8:54  Drone x7, Spine Crawler x2  
  32  9:01  Spine Crawler  
  31  9:04  Spine Crawler  
  31  9:36  Mutalisk x6  
  43  9:39  Mutalisk x2  
  47  9:46  Spine Crawler  
  47  9:50  Mutalisk  
  46  10:01  Mutalisk  
  48  10:11  Mutalisk x2  
  51  10:16  Mutalisk  
  51  10:31  Mutalisk  
  53  10:40  Mutalisk  
  53  10:49  Mutalisk  
  51  11:08  Mutalisk x2  
Tags
 
Add a new tag
Caveats
  • Supply blocks, unpowered buildings, or Contaminate may cause inaccurate times.
  • Supply counts are checked every 10 seconds.